 Dungeon Crawl Stone Soup version 0.21.1-1-g345015fe64 (webtiles) character file.

47 BrokenGlass the Ruffian (level 3, -9/26 HPs)
             Began as an Octopode Fighter on Feb 18, 2018.
             Killed from afar by Robin (11 damage)
             ... with a wand of flame (22)
             ... on level 2 of the Dungeon.
             The game lasted 00:00:57 (955 turns).

BrokenGlass the Ruffian (Octopode Fighter)           Turns: 955, Time: 00:00:58

Health: -9/26      AC:  1    Str: 16    XL:     3   Next: 70%
Magic:  3/3        EV: 14    Int: 10    God:
Gold:   65         SH:  0    Dex: 11    Spells: 2/2 levels left

rFire    . . .     SeeInvis .     - Unarmed
rCold    . . .     Gourm    .   (no shield)
rNeg     . . .     Faith    .   (helmet restricted)
rPois    .         Spirit   .   (no amulet)
rElec    .         Reflect  .   (no ring)
rCorr    .         Harm     .   (no ring)
MR       .....                  (no ring)
Stlth    ++........             (no ring)
HPRegen  0.08/turn              (no ring)
MPRegen  0.08/turn              (no ring)
                                (no ring)
                                (no ring)

@: no status effects
A: almost no armour, stealthy swim, amphibious, 8 rings, constrict 8, camouflage
1, gelatinous body 1
a: no special abilities


You were on level 2 of the Dungeon.
You were not hungry.

You visited 1 branch of the dungeon, and saw 2 of its levels.

You collected 65 gold pieces.

Inventory:

Missiles
 d - 28 bolts
 f - 5 tomahawks of returning (quivered)
 m - 9 poisoned needles
Armour
 a - a +0 shield
Scrolls
 h - a scroll of remove curse {unknown}
 i - a scroll of amnesia {unknown}
 l - 2 scrolls of identify {unknown}
Potions
 b - a potion of might
 e - 3 potions of curing {unknown}
 g - a potion of flight {unknown}
 j - a potion of invisibility {unknown}
 k - a potion of lignification {unknown}
Comestibles
 c - 6 rations


   Skills:
 - Level 3.0 Fighting
 - Level 3.0 Dodging
 - Level 3.0 Shields
 + Level 3.9 Unarmed Combat


You had 2 spell levels left.
You didn't know any spells.

Dungeon Overview and Level Annotations

Branches:
Dungeon (2/15)

Altars:

Annotations:
D:2 1 runed door, Robin


Innate Abilities, Weirdness & Mutations

You cannot wear most types of armour.
You are very stealthy in the water. (Stealth+)
You are amphibious.
You can wear up to eight rings at the same time.
You can use your tentacles to constrict eight enemies at once.
Your skin changes colour to match your surroundings (Stealth+).
Your rubbery body absorbs attacks. (AC +1, EV +1)


Message History

Unknown command.
Robin roars a battlecry!
The goblins go into a battle-frenzy!
You see here a goblin corpse.
You tentacle-slap the hobgoblin. You grab the hobgoblin.
You kill the hobgoblin!
Robin zaps a wand.
The puff of flame hits you!
Ouch! That really hurt!
* * * LOW HITPOINT WARNING * * *
It is a wand of flame (22).
Unknown command.
You aren't carrying any items that you can evoke.
Unknown command.
Robin throws the goblin at you!
* * * LOW HITPOINT WARNING * * *
The goblin barely misses you.
You bludgeon the goblin!
You kill the goblin!
Robin zaps a wand.
The puff of flame hits you!
You die...

#.# #.# #.# #.# #.# ###
#.# #.#####.## #.#
#........# #.#
#######.## #.# #.#
###.######## #.#
#..........#######. #.#
#.#...@...g)g.....!
#.###.#.#####..########
#######.##....# #.##
..............# #.#
.....##.##...## #.#
.###.)....#.## #.# .#
#.....<#.# #.#
.###.)......# #.#
....†.......#


You could see Robin and a goblin.

Vanquished Creatures
  An adder (D:2)
  A worm (D:1)
  3 leopard geckos
  An orc (D:2)
  2 bats
  2 giant cockroaches
  5 goblins
  9 hobgoblins
  A ball python (D:1)
  A kobold (D:1)
  2 rats (D:1)
28 creatures vanquished.

Notes
Turn   | Place    | Note
-------+----------+-------------------------------------------
     0 | D:1      | BrokenGlass the Octopode Fighter began the quest for the Orb.
     0 | D:1      | Reached XP level 1. HP: 16/16 MP: 1/1
   214 | D:1      | Reached XP level 2. HP: 21/21 MP: 2/2
   586 | D:2      | Reached XP level 3. HP: 14/26 MP: 3/3
   842 | D:2      | Found a runed door.
   941 | D:2      | Noticed Robin
   955 | D:2      | Killed from afar by Robin

Skill      XL: |  1  2 |
---------------+-------+-----
Unarmed Combat | 3 |  3.9
Fighting       | |  3.0
Dodging        | |  3.0
Shields        | |  3.0

Action                   || total
-------------------------++-------
Melee: Unarmed           ||    49
       Constrict         ||    18
       Tentacles         ||     9
       Punch             ||     1
 Stab: Sleeping          ||     9
Armor: Skin              ||     1
Dodge: Dodged            ||    25
